 Dungeon Crawl Stone Soup version 0.20.0-10-g0535bb4 (webtiles) character file.

41 Gorglomux the Charmwright (level 3, 0/28 HPs)
             Began as a Vampire Skald on June 5, 2017.
             Slain by Crazy Yiuf
             ... wielding a +4 quarterstaff of chaos
              (10 damage)
             ... on level 2 of the Dungeon.
             The game lasted 00:01:25 (1263 turns).

Gorglomux the Charmwright (Vampire Skald)           Turns: 1263, Time: 00:01:26

Health: 0/28       AC:  3    Str: 10    XL:     3   Next: 32%
Magic:  3/6        EV: 12    Int: 15    God:
Gold:   99         SH:  0    Dex: 14    Spells: 2/6 levels left

rFire    . . .     SeeInvis +   a - +0 falchion
rCold    . . .     Gourm    .   (no shield)
rNeg     . . .     Faith    .   b - +0 leather armour
rPois    .         Spirit   .   (no helmet)
rElec    .         Reflect  .   (no cloak)
rCorr    .         Harm     .   (no gloves)
MR       .....                  (no boots)
Stlth    +.........             (no amulet)
Regen    0.3/turn               (no ring)
MPRegen  0.1/turn               (no ring)

@: regenerating quickly
A: fangs 3, see invisible, unbreathing
a: no special abilities


You were on level 2 of the Dungeon.
You were full.

You visited 1 branch of the dungeon, and saw 2 of its levels.

You collected 99 gold pieces.

Inventory:

Hand Weapons
 a - a +0 falchion (weapon)
Armour
 b - a +0 leather armour (worn)
Jewellery
 e - an uncursed ring of wizardry {unknown}
 m - an uncursed ring of resist corrosion {unknown}
Scrolls
 f - 2 scrolls of remove curse {unknown}
 i - 2 scrolls of immolation {unknown}
 n - 2 scrolls of teleportation {unknown}
 o - a scroll of identify {unknown}
 q - a scroll of random uselessness {unknown}
Potions
 d - 3 potions of blood
 g - a potion of agility {unknown}
 h - a potion of brilliance {unknown}
 k - a potion of curing {unknown}
 p - 3 potions of magic {unknown}
Books
 c - a book of Battle

   Spells                             Type                      Level
   a - Infusion                       Charms                       1
   b - Shroud of Golubria             Charms/Translocation         2
   c - Song of Slaying                Charms                       2
   d - Spectral Weapon                Hexes/Charms                 3
   e - Regeneration                   Charms/Necromancy            3


   Skills:
 + Level 2.8 Fighting
 + Level 2.8 Long Blades
 - Level 0.7 Armour
 - Level 2.1 Dodging
 - Level 2.0 Spellcasting
 - Level 3.2 Charms


You had 2 spell levels left.
You knew the following spells:

 Your Spells              Type           Power        Failure   Level  Hunger
a - Infusion              Chrm           ##..         8%          1    #......
R - Regeneration          Chrm/Necr      #.........   43%         3    ###....


Dungeon Overview and Level Annotations

Branches:
Dungeon (2/15)

Altars:

Annotations:
D:2 Crazy Yiuf


Innate Abilities, Weirdness & Mutations

Your natural rate of healing is unusually fast.
You have razor-sharp teeth.
You have supernaturally acute eyesight. (SInv)
You can survive without breathing.


Message History

Crazy Yiuf is lightly wounded.
Crazy Yiuf barely misses you.
You hit Crazy Yiuf but do no damage.
Crazy Yiuf is lightly wounded.
Crazy Yiuf twirls on the spot.
Crazy Yiuf closely misses you.
You riposte.
You hit Crazy Yiuf. You bite Crazy Yiuf, but do no damage.
Crazy Yiuf is moderately wounded.
You hit Crazy Yiuf.
Crazy Yiuf is severely wounded.
Crazy Yiuf closely misses you.
You riposte.
You hit Crazy Yiuf but do no damage.
Crazy Yiuf is severely wounded.
You hit Crazy Yiuf.
Crazy Yiuf is severely wounded.
Crazy Yiuf hits you with a quarterstaff of chaos!
You feel your power leaking away.
Unknown command.
Crazy Yiuf hits you with a quarterstaff of chaos!
You die...

##################### ##'###.
#.......##..........#####.###.
#...................).........
#......>....%.........(...###.
#.......##..####..#.#####(# #.
#####'#.....# #..#.# #.# #.
#.#.##.#####..#.# #.# #.
######.#.##........#.# ##.###.
#....#.#.....[@g.).#.####......
#....#.######..............###.
#...........................##.
#####....######.............#.##.
#.............#.............#.##.
#......#......#.............#..#.
#......#......######........##.#.
#......#......# #....(......##.#.
#################.....#####.##...


You could see Crazy Yiuf.

Vanquished Creatures
  An adder (D:2)
  An ooze (D:2)
  A ball python (D:1)
  A bat (D:1)
  2 giant cockroaches
  2 goblins (D:1)
  2 hobgoblins (D:1)
  5 jackals (D:1)
  6 kobolds
  2 frilled lizards (D:1)
  2 rats (D:1)
25 creatures vanquished.

Notes
Turn   | Place    | Note
-------+----------+-------------------------------------------
     0 | D:1      | Gorglomux the Vampire Skald began the quest for the Orb.
     0 | D:1      | Reached XP level 1. HP: 16/16 MP: 3/3
   297 | D:1      | Reached XP level 2. HP: 21/22 MP: 5/5
  1019 | D:2      | Reached XP level 3. HP: 17/28 MP: 2/6
  1210 | D:2      | Found a runed door.
  1215 | D:2      | Learned a level 3 spell: Regeneration
  1219 | D:2      | Noticed Crazy Yiuf
  1263 | D:2      | Slain by Crazy Yiuf

Skill      XL: |  1 |
---------------+----+-----
Fighting       | 2 |  2.8
Long Blades    | |  2.8
Armour         | |  0.7
Dodging        | |  2.1
Spellcasting   | |  2.0
Charms         | |  3.2

Action                   || total
-------------------------++-------
Melee: Falchion          ||    93
       Bite              ||    11
 Cast: Infusion          ||     4
       Regeneration      ||     1
  Use: Potion            ||     8
Armor: Leather armour    ||    28
Dodge: Dodged            ||    67
       Rpst.: Falchion   ||    21
